PA
SOUTH BEACH BLAZE @ YORK REVOLUTION
08/07/2037
 
TOP OF THE 1ST
South Beach Blaze batting - Pitching for York Revolution : RHP David Flowers
Pitching: RHP David Flowers
Batting: LHB Fernando Flores 0-0: Ball
1-0: SINGLE (Groundball, 2R, EV 72.5 MPH) (infield hit)
Batting: LHB Ken Rodríguez 0-0: Ball
1-0: Called Strike
1-1: Foul Ball, location: 2F
1-2: Ball
2-2: Ball
3-2: Fly out, F5 (Popup, 5F, EV 66.2 MPH)
Batting: LHB Roldão Cintra 0-0: Called Strike
0-1: Ball
1-1: Ball
2-1: SINGLE (Groundball, 6MD, EV 102.5 MPH)
Fernando Flores to second
Runner from 2nd tries for 3rd, SAFE, throw by CF made to third
Batting: RHB Dong-woo Kim 0-0: Called Strike
Roldão Cintra steals 2nd base
0-1: Fly out, F8 (Flyball, 8LM, EV 87.5 MPH)
Batting: LHB Domingo Ramos 0-0: Called Strike
0-1: Ball
1-1: Ball
2-1: Swinging Strike
2-2: Strikes out swinging
Top of the 1st over - 0 runs, 2 hits, 0 errors, 2 left on base; South Beach 0 - York 0
BOTTOM OF THE 1ST
York Revolution batting - Pitching for South Beach Blaze : RHP William Bruce
Pitching: RHP William Bruce
Batting: RHB Bryant Dixon 0-0: Ball
1-0: Called Strike
1-1: Fly out, F9 (Flyball, 89S, EV 86.2 MPH)
Batting: RHB Steve Smith 0-0: Ball
1-0: Ball
2-0: Swinging Strike
2-1: Ball
3-1: SINGLE (Groundball, 5D, EV 103.8 MPH)
Batting: RHB John Birges 0-0: Ball
1-0: Called Strike
1-1: Ball
2-1: Ball
3-1: SINGLE (Line Drive, 78S, EV 90.6 MPH)
Steve Smith to second
Batting: RHB Rod Sarkies 0-0: Ball
1-0: Called Strike
1-1: Foul Ball, location: 2F
1-2: Foul Ball, location: 2F
1-2: Strikes out swinging
Batting: RHB James Strickland 0-0: Foul Ball, location: 2F
0-1: Called Strike
0-2: Foul Ball, location: 2F
0-2: Ball
1-2: Foul Ball, location: 2F
1-2: Ball
2-2: Foul Ball, location: 2F
2-2: Ball
3-2: Ground out 1-3 (Groundball, 34S, EV 80.0 MPH)
Bottom of the 1st over - 0 runs, 2 hits, 0 errors, 2 left on base; South Beach 0 - York 0
TOP OF THE 2ND
South Beach Blaze batting - Pitching for York Revolution : RHP David Flowers
Batting: RHB Rovilson Rosete 0-0: Ball
1-0: Called Strike
1-1: Foul Ball, location: 2F
1-2: Ball
2-2: Ball
3-2: Strikes out swinging
Batting: RHB Carlos Miranda 0-0: Called Strike
0-1: Ball
1-1: Ball
2-1: Ground out 6-3 (Groundball, 6, EV 84.4 MPH)
Batting: RHB John Jankila 0-0: Called Strike
0-1: Ball
1-1: Ball
2-1: Foul Ball, location: 2F
2-2: Ground out 4-3 (Groundball, 4, EV 86.2 MPH)
Top of the 2nd over - 0 runs, 0 hits, 0 errors, 0 left on base; South Beach 0 - York 0
BOTTOM OF THE 2ND
York Revolution batting - Pitching for South Beach Blaze : RHP William Bruce
Batting: LHB Scott Fields 0-0: Ball
1-0: Foul Ball, location: 2F
1-1: Swinging Strike
1-2: Ball
2-2: Ball
3-2: Reached via error on a dropped throw from 1B, E1 (Groundball, 34, EV 83.8 MPH)
Batting: RHB Vitorio Flores 0-0: Foul Ball, location: 2F
0-1: Fly out, F8 (Line Drive, 8RM, EV 91.9 MPH)
Batting: LHB Dave Summers 0-0: Ball
1-0: Foul Ball, location: 2F
1-1: Ball
2-1: Foul Ball, location: 2F
2-2: Ball
Scott Fields steals 2nd base
3-2: Strikes out looking
Batting: LHB Reggie Gommers 0-0: Ball
1-0: Called Strike
1-1: Ball
2-1: Swinging Strike
2-2: Strikes out swinging
Bottom of the 2nd over - 0 runs, 0 hits, 1 error, 1 left on base; South Beach 0 - York 0
TOP OF THE 3RD
South Beach Blaze batting - Pitching for York Revolution : RHP David Flowers
Batting: RHB Orlando Pérez 0-0: Ball
1-0: Foul Ball, location: 2F
1-1: Swinging Strike
1-2: Strikes out swinging
Batting: LHB Fernando Flores 0-0: Swinging Strike
0-1: Called Strike
0-2: Strikes out looking
Batting: LHB Ken Rodríguez 0-0: Ball
1-0: Swinging Strike
1-1: Fly out, F8 (Flyball, 8LS, EV 95.6 MPH)
Top of the 3rd over - 0 runs, 0 hits, 0 errors, 0 left on base; South Beach 0 - York 0
BOTTOM OF THE 3RD
York Revolution batting - Pitching for South Beach Blaze : RHP William Bruce
Batting: RHB Bryant Dixon 0-0: Called Strike
0-1: Ball
1-1: Foul Ball, location: 2F
1-2: DOUBLE (Line Drive, 3D, EV 102.5 MPH)
Batting: RHB Steve Smith 0-0: Ball
1-0: Called Strike
1-1: Called Strike
1-2: Ball
2-2: DOUBLE (Line Drive, 7LS, EV 96.9 MPH)
Bryant Dixon scores
Batting: RHB John Birges 0-0: Ball
1-0: Swinging Strike
1-1: Foul Ball, location: 2F
1-2: Ground out 4-3 (Groundball, 4, EV 83.1 MPH)
Steve Smith to third
Batting: RHB Rod Sarkies 0-0: Foul Ball, location: 2F
0-1: Called Strike
0-2: Fly out, F5 (Popup, 5SF, EV 78.8 MPH)
Batting: RHB James Strickland 0-0: SINGLE (Groundball, 4M, EV 98.8 MPH) (infield hit)
Steve Smith scores
Batting: LHB Scott Fields 0-0: Ball
1-0: Called Strike
1-1: Ball
2-1: Swinging Strike
2-2: Ball
3-2: Base on Balls
James Strickland to second
Batting: RHB Vitorio Flores 0-0: Ball
1-0: Called Strike
1-1: Foul Ball, location: 2F
1-2: Ball
2-2: Strikes out swinging
Bottom of the 3rd over - 2 runs, 3 hits, 0 errors, 2 left on base; South Beach 0 - York 2
TOP OF THE 4TH
South Beach Blaze batting - Pitching for York Revolution : RHP David Flowers
Batting: LHB Roldão Cintra 0-0: Swinging Strike
0-1: Ball
1-1: Swinging Strike
1-2: Strikes out looking
Batting: RHB Dong-woo Kim 0-0: Ball
1-0: Foul Ball, location: 2F
1-1: Foul Ball, location: 2F
1-2: Ball
2-2: Foul Ball, location: 2F
2-2: Strikes out swinging
Batting: LHB Domingo Ramos 0-0: Ball
1-0: Foul Ball, location: 2F
1-1: Ground out 4-3 (Groundball, 4M, EV 103.1 MPH)
Top of the 4th over - 0 runs, 0 hits, 0 errors, 0 left on base; South Beach 0 - York 2
BOTTOM OF THE 4TH
York Revolution batting - Pitching for South Beach Blaze : RHP William Bruce
Batting: LHB Dave Summers 0-0: Foul Ball, location: 2F
0-1: Ball
1-1: Called Strike
1-2: Ball
2-2: Foul Ball, location: 2F
2-2: Ball
3-2: Fly out, F7 (Flyball, 7LSF, EV 88.1 MPH)
Batting: LHB Reggie Gommers 0-0: Ball
1-0: Called Strike
1-1: Ground out 6-3 (Groundball, 6M, EV 87.5 MPH)
Batting: RHB Bryant Dixon 0-0: Ball
1-0: Fly out, F9 (Flyball, 9LS, EV 95.0 MPH)
Bottom of the 4th over - 0 runs, 0 hits, 0 errors, 0 left on base; South Beach 0 - York 2
TOP OF THE 5TH
South Beach Blaze batting - Pitching for York Revolution : RHP David Flowers
Batting: RHB Rovilson Rosete 0-0: Ball
1-0: Called Strike
1-1: Called Strike
1-2: Ball
2-2: Strikes out swinging
Batting: RHB Carlos Miranda 0-0: Ball
1-0: Fly out, F6 (Line Drive, 6, EV 63.8 MPH)
Batting: RHB John Jankila 0-0: Foul Ball, location: 2F
0-1: Called Strike
0-2: Strikes out swinging
Top of the 5th over - 0 runs, 0 hits, 0 errors, 0 left on base; South Beach 0 - York 2
BOTTOM OF THE 5TH
York Revolution batting - Pitching for South Beach Blaze : RHP William Bruce
Batting: RHB Steve Smith 0-0: Ball
1-0: Ball
2-0: Ball
3-0: Called Strike
3-1: Base on Balls
Batting: RHB John Birges 0-0: Ball
Steve Smith steals 2nd base
1-0: Ball
2-0: DOUBLE (Line Drive, 89D, EV 113.8 MPH)
Steve Smith scores
Batting: RHB Rod Sarkies 0-0: Ball
1-0: 2-RUN HOME RUN (Flyball, 7D, EV 98.8 MPH), Distance : 391 ft
Pitching: RHP Mark Hicks
Batting: RHB James Strickland 0-0: Called Strike
0-1: Ball
1-1: Reached on error, E5 (Groundball, 56S, EV 66.2 MPH)
Batting: LHB Scott Fields 0-0: Foul Ball, location: 2F
0-1: Fielders Choice at 2nd, 4-6 (Groundball, 4, EV 106.2 MPH)
Batting: RHB Vitorio Flores 0-0: Ball
1-0: Called Strike
Scott Fields is caught stealing 2nd base 2-4
1-1: Foul Ball, location: 2F
1-2: Strikes out swinging
Bottom of the 5th over - 3 runs, 2 hits, 1 error, 0 left on base; South Beach 0 - York 5
TOP OF THE 6TH
South Beach Blaze batting - Pitching for York Revolution : RHP David Flowers
Batting: RHB Orlando Pérez 0-0: Foul Ball, location: 2F
0-1: Ball
1-1: Fly out, F7 (Line Drive, 7, EV 86.9 MPH)
Batting: LHB Fernando Flores 0-0: Swinging Strike
0-1: Ball
1-1: Foul Ball, location: 2F
1-2: SINGLE (Groundball, 34D, EV 106.2 MPH)
Batting: LHB Ken Rodríguez 0-0: Ball
1-0: Foul Ball, location: 2F
1-1: Swinging Strike
1-2: Ball
2-2: Ball
3-2: Foul Ball, location: 2F
3-2: Grounds into double play, 6-4-3 (Groundball, 6, EV 87.5 MPH)
Top of the 6th over - 0 runs, 1 hit, 0 errors, 0 left on base; South Beach 0 - York 5
BOTTOM OF THE 6TH
York Revolution batting - Pitching for South Beach Blaze : RHP Mark Hicks
Batting: LHB Dave Summers 0-0: Ground out 4-3 (Groundball, 4, EV 83.8 MPH)
Batting: LHB Reggie Gommers 0-0: Ball
1-0: Foul Ball, location: 2F
1-1: Called Strike
1-2: Ball
2-2: Foul Ball, location: 2F
2-2: Strikes out swinging
Batting: RHB Bryant Dixon 0-0: Called Strike
0-1: Swinging Strike
0-2: Strikes out looking
Bottom of the 6th over - 0 runs, 0 hits, 0 errors, 0 left on base; South Beach 0 - York 5
TOP OF THE 7TH
South Beach Blaze batting - Pitching for York Revolution : RHP David Flowers
Batting: LHB Roldão Cintra 0-0: Foul Ball, location: 2F
0-1: Ball
1-1: SINGLE (Line Drive, 56D, EV 105.6 MPH)
Batting: RHB Dong-woo Kim 0-0: Ball
1-0: Called Strike
1-1: Foul Ball, location: 2F
1-2: Strikes out swinging
Batting: LHB Domingo Ramos 0-0: Fielders Choice at 2nd, 4-6 (Groundball, 4, EV 79.4 MPH)
Batting: RHB Rovilson Rosete 0-0: Called Strike
0-1: Ball
1-1: Swinging Strike
1-2: Ball
2-2: Foul Ball, location: 2F
2-2: Fielders Choice at 2nd, U6 (Groundball, 6M, EV 90.6 MPH)
Top of the 7th over - 0 runs, 1 hit, 0 errors, 1 left on base; South Beach 0 - York 5
BOTTOM OF THE 7TH
York Revolution batting - Pitching for South Beach Blaze : RHP Mark Hicks
Batting: RHB Steve Smith 0-0: Called Strike
0-1: Ball
1-1: Foul Ball, location: 2F
1-2: Ball
2-2: Foul Ball, location: 2F
2-2: Foul Ball, location: 2F
2-2: Ball
3-2: Foul Ball, location: 2F
3-2: Strikes out swinging
Batting: RHB John Birges 0-0: Ball
1-0: Called Strike
1-1: Ball
2-1: Ball
3-1: Swinging Strike
3-2: Foul Ball, location: 2F
3-2: Base on Balls
Batting: RHB Rod Sarkies 0-0: Called Strike
0-1: Called Strike
0-2: Foul Ball, location: 2F
0-2: Strikes out swinging
Batting: RHB James Strickland 0-0: Ball
1-0: Ball
2-0: Called Strike
2-1: Ground out 4-3 (Groundball, 34, EV 85.6 MPH)
Bottom of the 7th over - 0 runs, 0 hits, 0 errors, 1 left on base; South Beach 0 - York 5
TOP OF THE 8TH
South Beach Blaze batting - Pitching for York Revolution : RHP David Flowers
Batting: RHB Carlos Miranda 0-0: Ball
1-0: Ground out 6-3 (Groundball, 6, EV 86.2 MPH)
Batting: RHB John Jankila 0-0: Ball
1-0: Ball
2-0: Called Strike
2-1: Foul Ball, location: 2F
2-2: Ground out 5-3 (Groundball, 56S, EV 88.8 MPH)
Batting: RHB Orlando Pérez 0-0: Ball
1-0: Ball
2-0: Foul Ball, location: 2F
2-1: Swinging Strike
2-2: Ball
3-2: Ground out 4-3 (Groundball, 4, EV 81.9 MPH)
Top of the 8th over - 0 runs, 0 hits, 0 errors, 0 left on base; South Beach 0 - York 5
BOTTOM OF THE 8TH
York Revolution batting - Pitching for South Beach Blaze : RHP Mark Hicks
Batting: LHB Scott Fields 0-0: Ball
1-0: Called Strike
1-1: Fly out, F8 (Flyball, 8RD, EV 89.4 MPH)
Batting: RHB Vitorio Flores 0-0: Swinging Strike
0-1: Foul Ball, location: 2F
0-2: DOUBLE (Line Drive, 7D, EV 111.9 MPH)
Batting: LHB Dave Summers 0-0: Called Strike
0-1: Fly out, F6 (Popup, 6MD, EV 49.4 MPH)
Batting: LHB Reggie Gommers 0-0: Ball
1-0: Called Strike
1-1: Ball
2-1: Foul Ball, location: 2F
2-2: Strikes out looking
Bottom of the 8th over - 0 runs, 1 hit, 0 errors, 1 left on base; South Beach 0 - York 5
TOP OF THE 9TH
South Beach Blaze batting - Pitching for York Revolution : RHP David Flowers
Pitching: RHP Jeffery Johnston
Batting: LHB Fernando Flores 0-0: Ball
1-0: Ground out 4-3 (Groundball, 4, EV 85.0 MPH)
Batting: LHB Ken Rodríguez 0-0: Ball
1-0: Foul Ball, location: 2F
1-1: Ball
2-1: Foul Ball, location: 2F
2-2: SOLO HOME RUN (Flyball, 7LD, EV 101.2 MPH), Distance : 345 ft
Batting: LHB Roldão Cintra 0-0: Ball
1-0: Called Strike
1-1: Swinging Strike
1-2: Fly out, F7 (Flyball, 7LM, EV 86.2 MPH)
Batting: RHB Dong-woo Kim 0-0: Swinging Strike
0-1: Ball
1-1: Fly out, F8 (Line Drive, 8LD, EV 97.5 MPH)
Top of the 9th over - 1 run, 1 hit, 0 errors, 0 left on base; South Beach 1 - York 5
Thursday, January 23rd, 2020 - OOTP Baseball 20.8 Build 74